 Dungeon Crawl Stone Soup version 0.31-a0-263-ge8cad7f256 (webtiles) character file.

Game seed: 13238023229751908599

14961 HallandMoats the Demonic Catastrophe (level 11, -14/95 HPs)
             Began as a Demonspawn Fighter on July 13, 2023.
             Was an Elder of Qazlal.
             Demolished by a white ugly thing (31 damage)
             ... on level 12 of the Dungeon.
             The game lasted 00:17:06 (9762 turns).

HallandMoats the Demonic Catastrophe (DsFi)         Turns: 9762, Time: 00:17:08

Health: -14/95     AC: 10    Str: 28    XL:     11   Next: 95%
Magic:  19/19      EV: 13    Int: 10    God:    Qazlal [****..]
Gold:   661        SH: 15    Dex: 12    Spells: 10/10 levels left

rFire   + . .        b - +10 mace "Ygoehoh" {heavy, rElec Str+7}
rCold   . . .        c - +0 buckler
rNeg    . . .        e - +3 ring mail
rPois   .            (helmet currently unavailable)
rElec   +            (cloak currently unavailable)
rCorr   .            (gloves currently unavailable)
SInv    .            (boots currently unavailable)
Will    .....        C - amulet of reflection
Stlth   +            E - ring of protection from fire
HPRegen 0.35/turn    (no ring)
MPRegen 0.16/turn

%: repel missiles, reflection
@: beast-form
A: beast (slay +0), rugged brown scales 1, demonic guardian 3, spiny 2, demonic
touch 1
a: Begin Untransformation, Renounce Religion, Upheaval, Elemental Force


You were on level 12 of the Dungeon.
You worshipped Qazlal.
Qazlal was greatly pleased with you.
You were a hulking beast.
You visited 2 branches of the dungeon, and saw 13 of its levels.

You collected 661 gold pieces.

Inventory:

Hand Weapons
 a - a +0 war axe
 b - the +10 mace "Ygoehoh" (weapon) {heavy, rElec Str+7}
   (You found it on level 2 of the Dungeon)

   Str:       It affects your strength (+7).
   rElec:     It insulates you from electricity.
 L - the +5 flail of Hieh {speed, rF+ rC+ Will- SInv}
   (You found it on level 11 of the Dungeon)

   rF:        It protects you from fire.
   rC:        It protects you from cold.
   SInv:      It lets you see invisible.
   Will:      It decreases your willpower.
Missiles
 s - 5 throwing nets
Armour
 c - a +0 buckler (worn)
 e - a +3 ring mail (worn)
 h - a +2 chain mail of cold resistance
 u - a +0 pair of gloves
 v - a +0 pair of boots
 x - the +8 orange crystal plate armour {Archmagi, Int+3 Clar}
   (You found it on level 11 of the Dungeon)

   Int:       It affects your intelligence (+3).
   Clar:      It protects you from confusion, rage, mesmerisation and fear.
 y - the +0 scale mail of Amelioration {rPois rCorr Str-3 Stlth-}
   (You found it on level 5 of the Dungeon)

   Str:       It affects your strength (-3).
   rPois:     It protects you from poison.
   rCorr:     It protects you from acid and corrosion.
   Stlth:     It makes you less stealthy.
Jewellery
 n - a ring of magical power
 C - an amulet of reflection (around neck)
 E - a ring of protection from fire (left hand)
Talismans
 j - a beast talisman
Wands
 r - a wand of flame (55)
 F - a wand of roots (16)
 G - a wand of quicksilver (3)
 J - a wand of polymorph (3)
Scrolls
 f - 2 scrolls of torment {unknown}
 g - a scroll of revelation {unknown}
 k - 6 scrolls of teleportation {unknown}
 m - 9 scrolls of identify {unknown}
 o - 2 scrolls of brand weapon {unknown}
 q - 3 scrolls of vulnerability {unknown}
 t - 2 scrolls of enchant armour {unknown}
 w - a scroll of fear {unknown}
 B - 4 scrolls of enchant weapon {unknown}
 H - a scroll of blinking {unknown}
 I - a scroll of amnesia {unknown}
 K - a scroll of poison {unknown}
Potions
 d - 4 potions of might
 i - a potion of haste
 l - a potion of resistance {unknown}
 p - 2 potions of brilliance
 z - 2 potions of heal wounds {unknown}
 A - a potion of enlightenment {unknown}
 D - 2 potions of attraction {unknown}


   Skills:
 * Level 11.1 Fighting
 + Level 8.0 Axes
 + Level 7.2 Armour
 + Level 6.3 Dodging
 - Level 4.2 Shields
 * Level 11.9 Invocations


You had 10 spell levels left.
You didn't know any spells.
Your spell library contained the following spells:

 Spells                   Type           Power      Damage    Failure   Level
 Cigotuvi's Dreadful Rot  Necr/Pois/Air  0%         N/A       67%         2
 Gell's Gravitas          Tloc           0%         N/A       88%         3
 Teleport Other           Tloc           0%         N/A       88%         3
 Animate Dead             Necr           0%         N/A       99%         4
 Dispel Undead            Necr           0%         3d6       99%         4
 Borgnjor's Vile Clutch   Necr/Erth      0%         N/A       100%        5
 Fireball                 Conj/Fire      0%         3d3       100%        5
 Iskenderun's Battlesphe  Conj           0%         2d6       100%        5
 Conjure Ball Lightning   Conj/Air       0%         3x3d6     100%        6
 Death Channel            Necr           0%         N/A       100%        6
 Dispersal                Tloc           0%         N/A       100%        6
 Malign Gateway           Summ/Tloc      0%         N/A       100%        7
 Orb of Destruction       Conj           0%         9d5       100%        7
 Summon Horrible Things   Summ           0%         N/A       100%        8


Dungeon Overview and Level Annotations

Branches:
Dungeon (12/15)            Temple (1/1) D:6            Lair (0/5) D:10
    Orc (0/2) D:11

Altars:
Ashenzari
Cheibriados
Dithmenos
Fedhas
Gozag
Hepliaklqana
Kikubaaqudgha
Makhleb
Nemelex Xobeh
Okawaru
Qazlal
Ru
Sif Muna
Trog
Uskayaw
Vehumet
Wu Jian
Xom
Yredelemnul

Shops:
D:2 (

Annotations:
D:5 2 transporters, Newt's ghost, amateur KoHu


Innate Abilities, Weirdness & Mutations

You are a hulking beast.
Your limbs bulge with bestial killing power. (Slay +0)
You are partially covered in rugged brown scales. (AC +1, +3% HP)
A powerful demonic guardian rushes to your aid.
You are mostly covered in sharp spines.
Your touch may inflict minor irresistible damage on your foes.


Message History

The orc wizard casts a spell at you. The magic dart hits you!
You closely miss the orc wizard.
The orc wizard is almost dead.
The orc wizard barely misses you.
You sock the orc!
You kill the orc!
Qazlal accepts your kill.
You block the orc wizard's attack. x2; You block the orc's attack.
You bludgeon the orc!!
You kill the orc!
Qazlal accepts your kill. You block the orc wizard's attack. x2
You bludgeon the orc wizard!!
You kill the orc wizard!
Qazlal accepts your kill.
Things that are here:
a +0 dagger; a +0 robe; an orc corpse You swap places.
Your smoke demon disappears in a puff of smoke!
Things that are here:
a +0 dagger; a +0 club You see here an ugly thing corpse.
There is a stone staircase leading up here.
You climb upwards.
There is a stone staircase leading down here.
You start resting.
HP restored.
You climb downwards.
The white ugly thing kicks you. The white ugly thing freezes you!!
A demonic guardian appears!
The white ugly thing kicks you. The white ugly thing freezes you!!
* * * LOW HITPOINT WARNING * * *
There is a stone staircase leading up, spattered with blood here.
You bludgeon the white ugly thing!!
The white ugly thing is moderately wounded.
The white ugly thing is struck by your spines.
The white ugly thing kicks you.
* * * LOW HITPOINT WARNING * * *
The white ugly thing freezes you!!
You die...

### ### # !. ..
###(##.##.####
#h#.#........
#u#..[.#...###
#3###.##.....#
#...†u.....#
######.#.###
#)# ..
#######.###.#.#
.u.....))......
#####.#.#.#....


You could see a white ugly thing (ally target) and a friendly sun demon
(summoned).

Vanquished Creatures
  A boulder beetle (D:11)
  A centaur warrior (D:11)
  Pikel (D:9)
  2 manticores (D:11)
  An ugly thing (D:12)
  3 cyclopes (D:11)
  2 gargoyles
  A rime drake (D:10)
  A kobold demonologist (D:11)
  A polar bear (D:10)
  2 shadows
  2 wyverns
  9 yaks
  2 vampire mosquitoes (D:11)
  A steam dragon (D:9)
  An acid dragon (D:11)
  3 water moccasins
  2 ice beasts
  An orc warrior (D:7)
  A black bear (D:5)
  An ogre (D:6)
  5 sky beasts
  2 wolves (D:10)
  5 centaurs
  2 phantoms
  4 bullfrogs
  20 kobold brigands
  A gnoll sergeant (D:8)
  3 scorpions
  7 wights
  2 electric eels (D:9)
  5 howler monkeys
  4 hounds
  2 jellies
  A gnoll bouda (D:6)
  6 orc priests
  3 iguanas
  Natasha (thrice) (D:2)
  A sleepcap (D:8)
  5 orc wizards
  6 gnolls
  4 adders
  2 white imps (D:6)
  2 ufetubi
  A worm (D:2)
  2 dart slugs
  27 orcs
  5 endoplasms
  4 giant cockroaches
  8 goblins
  6 hobgoblins
  2 jackals (D:3)
  34 kobolds
  2 quokkas
  4 ball pythons
  4 bats
  7 frilled lizards
  3 rats
243 creatures vanquished.

Vanquished Creatures (collateral kills)
  A hydra (D:11)
  A polar bear (D:10)
  4 yaks (D:8)
  2 vampire mosquitoes (D:11)
  An orc warrior (D:9)
  An ogre (D:3)
  3 kobold brigands (D:11)
  A wight (D:10)
  3 orcs
  An endoplasm (D:2)
  4 kobolds (D:11)
22 creatures vanquished.

Vanquished Creatures (others)
  A kobold brigand (D:11)
  An orc wizard (D:8)
  A gnoll (D:8)
3 creatures vanquished.

Grand Total: 268 creatures vanquished

Notes
Turn   | Place    | Note
-------+----------+-------------------------------------------
     0 | D:1      | HallandMoats the Demonspawn Fighter began the quest for the
                  | Orb.
     0 | D:1      | Reached XP level 1. HP: 18/18 MP: 1/1
   159 | D:1      | Gained mutation: You are partially covered in sharp spines.
                  | [demonic ancestry]
   159 | D:1      | Reached XP level 2. HP: 10/24 MP: 2/2
   686 | D:1      | Gained mutation: A weak demonic guardian rushes to your
                  | aid. [demonic ancestry]
   686 | D:1      | Reached XP level 3. HP: 29/29 MP: 3/3
   817 | D:2      | Noticed Natasha
   832 | D:2      | Killed Natasha
  1004 | D:2      | Found Jezyt's Weapon Shop.
  1107 | D:2      | Noticed Natasha
  1120 | D:2      | Killed Natasha
  1121 | D:2      | Reached XP level 4. HP: 22/37 MP: 4/4
  1179 | D:2      | Noticed Natasha
  1194 | D:2      | Killed Natasha
  1337 | D:2      | Identified the +10 mace "Ygoehoh" {heavy, rElec Str+7}
  1650 | D:3      | Noticed an ogre
  1662 | D:3      | Killed an ogre
  1663 | D:3      | Gained mutation: Your touch may inflict minor irresistible
                  | damage on your foes. [demonic ancestry]
  1663 | D:3      | Reached XP level 5. HP: 8/43 MP: 5/5
  2192 | D:3      | Found a sparkling altar of Nemelex Xobeh.
  2206 | D:3      | Found an ornate altar of the Wu Jian Council.
  2484 | D:4      | Found an opulent altar of Gozag.
  2575 | D:4      | Gained mutation: You are partially covered in rugged brown
                  | scales. (AC +1, +3% HP) [demonic ancestry]
  2575 | D:4      | Reached XP level 6. HP: 43/51 MP: 6/6
  2838 | D:5      | Entered Level 5 of the Dungeon
  2855 | D:5      | Reached skill level 5 in Fighting
  2865 | D:5      | Identified the +0 scale mail of Amelioration {rPois rCorr
                  | Str-3 Stlth-}
  2898 | D:5      | Noticed Newt's ghost (amateur KoHu)
  2900 | D:5      | Noticed a two-headed ogre
  2915 | D:5      | Found a transporter.
  2927 | D:5      | Found a transporter.
  2959 | D:5      | Reached skill level 1 in Dodging
  3009 | D:5      | Reached XP level 7. HP: 57/57 MP: 7/7
  3701 | D:6      | Reached skill level 5 in Axes
  3702 | D:6      | Found a sacrificial altar of Ru.
  3710 | D:6      | Found a staircase to the Ecumenical Temple.
  3720 | Temple   | Entered the Ecumenical Temple
  3873 | Temple   | Became a worshipper of Qazlal Stormbringer
  3912 | D:6      | Gained mutation: You are mostly covered in sharp spines.
                  | [demonic ancestry]
  3912 | D:6      | Reached XP level 8. HP: 62/65 MP: 8/8
  3917 | D:6      | Reached skill level 1 in Invocations
  4478 | D:7      | Reached skill level 5 in Invocations
  4478 | D:7      | Gained mutation: A demonic guardian rushes to your aid.
                  | [demonic ancestry]
  4478 | D:7      | Reached XP level 9. HP: 37/74 MP: 12/12
  4612 | D:7      | Reached * piety under Qazlal
  5354 | D:8      | Reached skill level 5 in Armour
  5796 | D:9      | Gained mutation: A powerful demonic guardian rushes to your
                  | aid. [demonic ancestry]
  5796 | D:9      | Reached XP level 10. HP: 78/84 MP: 15/15
  5907 | D:9      | Noticed Pikel
  5915 | D:9      | Killed Pikel
  5922 | D:9      | Reached ** piety under Qazlal
  6111 | D:9      | Found a hide-covered altar of Uskayaw.
  6401 | D:9      | Reached skill level 5 in Dodging
  6623 | D:10     | Entered Level 10 of the Dungeon
  7076 | D:10     | Found a staircase to the Lair.
  7085 | D:10     | Reached XP level 11. HP: 67/92 MP: 18/18
  7107 | D:10     | Reached skill level 10 in Invocations
  7338 | D:10     | Found a basalt altar of Yredelemnul.
  7340 | D:10     | Found a shimmering altar of Xom.
  7341 | D:10     | Found a snail-covered altar of Cheibriados.
  7619 | D:11     | Reached skill level 10 in Fighting
  7642 | D:11     | Reached *** piety under Qazlal
  7705 | D:11     | Found a staircase to the Orcish Mines.
  7742 | D:11     | Found the +8 orange crystal plate armour {Archmagi, Int+3
                  | Clar}
  7743 | D:11     | You fall into a shaft and drop 1 floor!
  7813 | D:11     | Noticed a six-headed hydra
  7885 | D:11     | Noticed a centaur warrior
  7896 | D:11     | Killed a centaur warrior
  8517 | D:11     | Noticed a boulder beetle
  8617 | D:11     | Killed a six-headed hydra
  8664 | D:11     | Identified the +5 flail of Hieh {speed, rF+ rC+ Will- SInv}
  8817 | D:11     | Killed a boulder beetle
  9077 | D:11     | Reached **** piety under Qazlal
  9560 | D:12     | Noticed a white ugly thing
  9609 | D:12     | Noticed a red ugly thing
  9619 | D:12     | Killed a red ugly thing
  9762 | D:12     | Demolished by a white ugly thing

Illustrated notes

Levels and vault maps discovered:
D:1:      psy_arrival_spokes, layout_basic
D:2:      layout_loops_cross, serial_shops, shop, uniq_natasha
D:3:      layout_loops_ring, mainiacjoe_overflow_catch_the_wave, serial_glass,
          glass_columns_a, glass_columns_a
D:4:      layout_rooms, nicolae_gozag_cash_rules_everything_around_me
D:5:      layout_cave_pools, gammafunk_ghost_arena, minmay_quadrilaterals
D:6:      layout_rooms, mainiacjoe_overflow_catwalk, minmay_temple_entry_arrows,
          nrook_campfire, minmay_crossroads
D:7:      layout_cave_pools
D:8:      layout_basic
D:9:      layout_irregular_city, mainiacjoe_overflow_brackets,
          serial_bayou_lagoon_a, hellmonk_bongcloud_opening, uniq_pikel
D:10:     layout_rooms, mainiacjoe_overflow_alcove_3, hellmonk_lair_entry_icy
D:11:     layout_roguey [special_room_kobold], orc_0_dummy,
          minmay_diamond_spiral
D:12:     layout_basic, hangedman_abyss_or_decor_stabs, lightli_church_of_beogh,
          uniq_fannar, uniq_rupert, uniq_sonja
Temple:   hellmonk_temple_forest_ring

Skill      XL: |  1  2  3  4  5  6  7  8  9 10 11 |
---------------+----------------------------------+-----
Axes           | 2 3 4 5 6 7 8 |  8.0
Shields        | 3 4 |  4.2
Fighting       | 4 5 6 7 8 9 11 | 11.1
Armour         | 3 4 5 6 7 |  7.2
Dodging        | 1 2 3 4 5 6 |  6.3
Invocations    | 5 7 9 11 | 11.9

Action                     |  1- 3 |  4- 6 |  7- 9 | 10-12 || total
---------------------------+-------+-------+-------+-------++-------
  Melee: Dagger            |   101 |    23 |       |       ||   124
         War axe           |     3 |       |       |       ||     3
         Mace              |       |    46 |   121 |   180 ||   347
    Use: Potion            |       |       |     1 |     6 ||     7
   Stab: Confused          |       |       |       |     1 ||     1
 Armour: Ring mail         |    29 |    38 |    77 |    98 ||   242
         Scale mail        |     2 |       |       |       ||     2
  Dodge: Dodged            |    34 |    42 |    78 |   145 ||   299
  Block: Buckler           |    22 |    19 |   102 |   243 ||   386
         Reflection        |       |       |     8 |    13 ||    21
   Form: Beast             |     1 |       |       |       ||     1

Table legend: (Time is in decaauts)
 A = Elapsed time spent in this place.
 B = Non-inter-level travel time spent in this place.
 C = Inter-level travel time spent in this place.
 D = Time resting spent in this place.
 E = Time spent auto-exploring this place.
 F = Levels seen in this place.
 G = Mean time per level.
                   A        B        C        D        E       F      G
               +--------+--------+--------+--------+--------+-----+--------+
         Total |  10041 |   9659 |    382 |   2092 |   5540 |  13 |  772.4 |
       Dungeon |   9877 |   9505 |    372 |   2092 |   5410 |  12 |  823.1 |
        Temple |    164 |    154 |     10 |      0 |    130 |   1 |  164.0 |
               +--------+--------+--------+--------+--------+-----+--------+

Top non-repeatable levels by time:
    D:11: 2115 daAuts
     D:9: 1282 daAuts
     D:5: 885 daAuts
     D:2: 837 daAuts
     D:1: 820 daAuts
     D:8: 794 daAuts
     D:3: 765 daAuts
     D:6: 639 daAuts
    D:10: 618 daAuts
     D:7: 575 daAuts
     D:4: 452 daAuts
  Temple: 164 daAuts
    D:12: 90 daAuts
